 Dungeon Crawl Stone Soup version 0.32-a0-540-g866d13106e (webtiles) character file.

Game seed: 355660553763855345

72 holysushi the Chopper (level 4, -1/33 HPs)
             Began as a Coglin Gladiator on Feb 29, 2024.
             Slain by a black bear (5 damage)
             ... on level 3 of the Dungeon.
             The game lasted 00:04:04 (1823 turns).

holysushi the Chopper (Coglin Gladiator)            Turns: 1823, Time: 00:04:04

Health: -1/33      AC: 11    Str: 17    XL:     4   Next: 25%
Magic:  4/4        EV:  8    Int:  7    God:
Gold:   87         SH:  0    Dex: 15    Spells: 3/3 levels left

rFire   . . .        a - +0 war axe {Cedro}
rCold   . . .        (no shield)
rNeg    . . .        h - +0 chain mail
rPois   .            c - +0 helmet
rElec   .            k - +0 cloak
rCorr   .            (no gloves)
SInv    .            n - +0 pair of boots
Will    .....        (no amulet) Stlth
                     (ring unavailable)
HPRegen 0.25/turn    (ring unavailable)
MPRegen 0.09/turn

%: no passive effects
@: revved
A: off-hand wielding, slow wielding, warmup strikes, no rings
a: no special abilities


You were on level 3 of the Dungeon.
You visited 1 branch of the dungeon, and saw 3 of its levels.

You collected 117 gold pieces.
You spent 30 gold pieces at shops.

Inventory:

Hand Weapons
 a - a +0 war axe (weapon) {Cedro}
Missiles
 d - 3 throwing nets (quivered)
 e - a javelin
Armour
 b - a +0 leather armour
 c - a +0 helmet (worn)
 h - a +0 chain mail (worn)
 k - a +0 cloak (worn)
 n - a +0 pair of boots (worn)
Jewellery
 f - an amulet of faith
Wands
 l - a wand of charming (7)
Scrolls
 j - a scroll of enchant weapon
 p - a scroll of revelation
 r - a scroll of butterflies {unknown}
Potions
 g - 3 potions of haste
 i - 2 potions of berserk rage
 m - 2 potions of heal wounds
 o - a potion of mutation
 q - a potion of curing


   Skills:
 - Level 2.0 Fighting
 + Level 4.5 Axes
 - Level 1.7 Throwing
 - Level 2.6 Dodging
 + Level 2.2 Evocations


You had 3 spell levels left.
You didn't know any spells.
Your spell library contained the following spells:

 Spells                   Type           Power      Damage    Failure   Level
 Magic Dart               Conj           0%         1d3       99%         1
 Blink                    Tloc           0%         N/A       100%        2
 Call Imp                 Summ           0%         N/A       100%        2


Dungeon Overview and Level Annotations

Branches:
Dungeon (3/15) Zot: 16128

Altars:

Shops:
D:1 *

Annotations:
D:3 Grinder


Innate Abilities, Weirdness & Mutations

You can wield a second weapon in your off-hand.
It takes a long time for you to wield or remove held weapons.
Your first few attacks do less damage.
Your grasper-arms cannot wear rings.


Message History

The black bear is lightly wounded.
You hit the plant.
The plant begins to die.
The black bear bites you.
The black bear claws you but does no damage.
The black bear barely misses you.
The black bear bites you but does no damage.
The black bear claws you but does no damage. x2
You barely miss the black bear.
The black bear is lightly wounded.
You hit the plant. The adder bites you but does no damage.
The black bear bites you but does no damage.
The black bear completely misses you. x2
You slash the black bear!
The black bear is heavily wounded.
You hit the plant. You hit the adder.
A nearby plant withers and dies.
The adder closely misses you. The black bear bites you.
The black bear claws you but does no damage.
The black bear closely misses you. The adder closely misses you.
You slash the black bear!
The black bear is almost dead.
You slash the adder!
You kill the adder!
The black bear goes berserk!
You closely miss the black bear.
The black bear is almost dead.
The black bear bites you.
The black bear claws you but does no damage. x2
The black bear bites you. The black bear closely misses you.
The black bear claws you.
You barely miss the black bear.
The black bear is almost dead.
The black bear bites you! The black bear barely misses you.
The black bear claws you but does no damage.
The black bear bites you!
* * * LOW HITPOINT WARNING * * *
The black bear claws you but does no damage.
The black bear barely misses you.
You hit the black bear.
The black bear is almost dead.
The black bear bites you.
You die...

#......# #####......#
##~.P~P.....# #
##P~~~P~P....# #
###PP~♣~♣~P.######
#.PP~♣♣♣♣PP.......
#.P.P~♣ ♣~~P...>##
..#####..~~~♣ ♣♣~P.##.#
......h@†~PP♣♣♣♣~P.##.##
..#####...~~♣~~~~~..)...
#. ##..PP~~~~~..##.#.
+####. #.##.PP..........
......####+######.#
##...##.##.#.
................#.#
######.##.#.
................#.#
#.##.#.
................#.##
#.##.#.
................#..# .
.......


You could see a black bear (berserk).

Vanquished Creatures
  2 adders
  A ribbon worm (D:2)
  4 dart slugs (D:2)
  2 orcs (D:3)
  2 ball pythons
  5 endoplasms
  A giant cockroach (D:1)
  4 goblins
  4 hobgoblins
  2 kobolds
  A quokka (D:1)
  5 bats
  2 frilled lizards
  A rat (D:2)
36 creatures vanquished.

Vanquished Creatures (collateral kills)
  A quokka (D:3)
1 creature vanquished.

Grand Total: 37 creatures vanquished

Notes
Turn   | Place    | Note
-------+----------+-------------------------------------------
     0 | D:1      | holysushi the Coglin Gladiator began the quest for the Orb.
     0 | D:1      | Reached XP level 1. HP: 16/16 MP: 1/1
   152 | D:1      | Reached XP level 2. HP: 22/22 MP: 2/2
   366 | D:1      | Found Liphu's Assorted Antiques.
   372 | D:1      | Bought a scroll labelled HOLUGY TOMALITT for 30 gold pieces
   729 | D:2      | Reached skill level 4 in Axes
   813 | D:2      | Reached XP level 3. HP: 23/27 MP: 3/3
   844 | D:2      | Reached skill level 1 in Evocations
   894 | D:2      | Found a faded altar of an unknown god.
  1532 | D:3      | Noticed Grinder
  1539 | D:3      | Paralysed by Grinder for 3 turns
  1667 | D:3      | Reached XP level 4. HP: 33/33 MP: 4/4
  1814 | D:3      | Noticed a black bear
  1823 | D:3      | Slain by a black bear

Illustrated notes

Levels and vault maps discovered:
D:1:      beargit_arrival_greenhouse, layout_basic, serial_shops, shop
D:2:      layout_basic, shapermc_ecumenical_altar_starsandcircs
D:3:      layout_basic, serial_bayou, serial_bayou_lake_a,
          serial_bayou_crossing, serial_bayou_pond_a, serial_bayou_pond_c,
          nicolae_twisty_statue_hallways, uniq_crazy_yiuf_cottage, uniq_grinder

Skill      XL: |  1  2  3  4 |
---------------+-------------+-----
Axes           | 4 |  4.5
Evocations     | 1 2 |  2.2
Fighting       | |  2.0
Throwing       | |  1.7
Dodging        | |  2.6

Action                     |  1- 3 |  4- 6 || total
---------------------------+-------+-------++-------
  Melee: War axe           |    87 |    14 ||   101
  Evoke: Wand              |     1 |       ||     1
    Use: Scroll            |     9 |       ||     9
   Stab: Sleeping          |     2 |       ||     2
 Armour: Leather armour    |    27 |       ||    27
         Chain mail        |    31 |    27 ||    58
  Dodge: Dodged            |    53 |    16 ||    69

Table legend: (Time is in decaauts)
 A = Elapsed time spent in this place.
 B = Non-inter-level travel time spent in this place.
 C = Inter-level travel time spent in this place.
 D = Time resting spent in this place.
 E = Time spent auto-exploring this place.
 F = Levels seen in this place.
 G = Mean time per level.
                   A        B        C        D        E       F      G
               +--------+--------+--------+--------+--------+-----+--------+
         Total |   1869 |   1829 |     40 |     95 |   1128 |   3 |  623.0 |
       Dungeon |   1869 |   1829 |     40 |     95 |   1128 |   3 |  623.0 |
               +--------+--------+--------+--------+--------+-----+--------+

Top non-repeatable levels by time:
     D:2: 735 daAuts
     D:1: 684 daAuts
     D:3: 450 daAuts
